 Dungeon Crawl Stone Soup version 0.26.0-16-gc1dbca0489 (webtiles) character file.

Game seed: 6164216867262302891

1701 waddelsworth the Geomancer (level 9, -5/45 HPs)
             Began as a Gargoyle Earth Elementalist on Jan 15, 2021.
             Was an Initiate of Vehumet.
             Slain by a yak (12 damage)
             ... on level 7 of the Dungeon on Jan 18, 2021.
             The game lasted 00:35:44 (6977 turns).

waddelsworth the Geomancer (GrEE)                   Turns: 6977, Time: 00:35:45

Health: -5/45      AC:  9    Str: 12    XL:     9   Next: 3%
Magic:  27/27      EV: 12    Int: 19    God:    Vehumet [......]
Gold:   253        SH:  0    Dex: 10    Spells: 11/20 levels left

rFire    . . .     SeeInvis .   q - staff of poison
rCold    . . .     Faith    .   (no shield)
rNeg     + . .     Spirit   .   c - +0 robe
rPois    ∞         Reflect  .   v - +0 helmet
rElec    +         Harm     .   (no cloak)
rCorr    .         Rampage  .   (no gloves)
Will     .....                  (no boots)
Stlth    ++........             (no amulet)
HPRegen  0.15/turn              (no ring)
MPRegen  0.20/turn              x - ring of magical power

@: about to teleport, studying Earth Magic
A: negative energy resistance 1, electricity resistance, unbreathing,
petrification resistance, miasma immunity, AC +6
a: Renounce Religion


You were on level 7 of the Dungeon.
You worshipped Vehumet.
Vehumet was noncommittal.
You visited 2 branches of the dungeon, and saw 8 of its levels.

You collected 253 gold pieces.

Inventory:

Hand Weapons
 l - a +1 whip of flaming
 C - a +2 dagger of electrocution
Missiles
 b - 118 stones
 y - 21 poisoned darts
Armour
 c - a +0 robe (worn)
 v - a +0 helmet (worn)
Magical Staves
 q - an uncursed staff of poison (weapon)
Jewellery
 m - an uncursed amulet of guardian spirit
 x - a ring of magical power (right hand)
Scrolls
 d - 2 scrolls of enchant armour {unknown}
 e - 2 scrolls of identify
 i - 3 scrolls of remove curse
 j - 2 scrolls of amnesia
 o - 2 scrolls of magic mapping
 r - 2 scrolls of noise {unknown}
Potions
 a - a potion of heal wounds {unknown}
 g - 5 potions of curing {unknown}
 h - 2 potions of degeneration {unknown}
 n - a potion of resistance {unknown}
 p - a potion of magic {unknown}
 s - 2 potions of invisibility
 u - 4 potions of lignification {unknown}
 w - 6 potions of flight {unknown}
 z - 2 potions of might {unknown}
 A - a potion of cancellation {unknown}
 B - a potion of haste {unknown}
Books
 k - a manual of Earth Magic


   Skills:
 - Level 2.0 Dodging
 - Level 3.0 Stealth
 + Level 6.1 Spellcasting
 + Level 6.5 Conjurations
 - Level 1.0 Transmutations
 + Level 10.3 Earth Magic


You had 11 spell levels left.
You knew the following spells:

 Your Spells              Type           Power        Failure   Level
a - Sandblast             Erth           90%          1%          1
b - Stone Arrow           Conj/Erth      74%          1%          3
c - Lee's Rapid Deconstr  Erth           22%          4%          5

Your spell library contained the following spells:

 Spells                   Type           Power        Failure   Level
 Magic Dart               Conj           100%         1%          1
 Passwall                 Tmut/Erth      22%          1%          2
 Conjure Flame            Conj/Fire      18%          9%          3
 Petrify                  Tmut/Erth      27%          11%         4
 Mephitic Cloud           Conj/Pois/Air  21%          14%         3
 Blink                    Tloc           N/A          17%         2
 Call Imp                 Summ           5%           17%         2
 Slow                     Hex            5%           17%         2
 Confusing Touch          Hex            5%           32%         3
 Gell's Gravitas          Tloc           2%           32%         3
 Yara's Violent Unravell  Hex/Tmut       3%           94%         5
 Metabolic Englaciation   Hex/Ice        2%           97%         5


Dungeon Overview and Level Annotations

Branches:
Dungeon (7/15)             Temple (1/1) D:4

Altars:
Ashenzari
Cheibriados
Elyvilon
Fedhas
Gozag
Hepliaklqana
Kikubaaqudgha
Makhleb
Nemelex Xobeh
Okawaru
Qazlal
Sif Muna
Trog
Uskayaw
Vehumet
Wu Jian
Xom
Yredelemnul
Zin
The Shining One

Shops:
D:6 [

Annotations:
D:5 Menkaure
D:7 Harold


Innate Abilities, Weirdness & Mutations

You are resistant to torment.
Your stone body is resilient. (AC +6)
You are immune to poison.
You resist negative energy. (rN+)
You are resistant to electric shocks. (rElec)
You can survive without breathing.
You are immune to petrification.
You are immune to miasma.


Message History

You start resting.
Magic restored.
You climb downwards.
Level annotation: Harold Harold fires a harpoon shot at you.
The harpoon shot hits you!
You are yanked forward by the harpoon shot.
The yak closely misses you.
Harold says, "Listen, it's nothing personal.
It's just a job."
The yak gores you but does no damage. The yak gores you.
There is an open door here.
You can't go up here!
You hit the yak but do no damage. The yak gores you. Harold barely misses you.
The yak gores you! The yak gores you but does no damage.
As you read the scroll of teleportation, it crumbles to dust.
You feel strangely unstable. The yak gores you.
The yak gores you but does no damage. Harold hits you with a +0 battleaxe!
* * * LOW HITPOINT WARNING * * *
The yak gores you!
You die...

.^........#.## #.......#
###########.# ###.###.#
###### #.# #.###.##>#
.....# ##'## #........#
####.# ##...## #........#
####.# ##.....##
#.###.##.#
#.##.###.......## #.#.#.#
.#
...............@###.....#
#
.............(.Y@Y.[....#
...#.##........Y###.[..##
.....###.......## #.#..#
.Y#### #......## #.......
..# #.#.).## #.........
.Y.....@.##+## ##.....##.
#.######## .....# #.#
....## #Y# .##.#


You could see Harold and 3 yaks.

Vanquished Creatures
  Grinder (D:6)
  3 yaks
  Duvessa (D:7)
  2 phantoms (D:6)
  2 ogres (D:4)
  Dowan (D:7)
  2 scorpions (D:4)
  4 killer bees (D:7)
  3 orc wizards
  A worker ant (D:4)
  2 hound skeletons
  A worker ant zombie (D:6)
  Robin (D:2)
  4 adders
  A shadow imp (D:5)
  A white imp (D:6)
  An ooze (D:1)
  An adder skeleton (D:6)
  A worm (D:4)
  A dart slug (D:1)
  2 leopard geckos
  7 orcs
  5 bats
  2 giant cockroaches
  7 hobgoblins
  5 jackals
  5 kobolds
  3 quokkas
  A ball python (D:2)
  3 frilled lizards
  A giant cockroach zombie (D:5)
  13 goblins
  11 rats
99 creatures vanquished.

Notes
Turn   | Place    | Note
-------+----------+-------------------------------------------
     0 | D:1      | waddelsworth the Gargoyle Earth Elementalist began the
                  | quest for the Orb.
     0 | D:1      | Reached XP level 1. HP: 10/10 MP: 3/3
   392 | D:1      | Reached skill level 1 in Transmutations
   392 | D:1      | Reached XP level 2. HP: 14/15 MP: 3/5
   805 | D:1      | Reached skill level 4 in Earth Magic
   805 | D:1      | Reached XP level 3. HP: 13/19 MP: 3/6
  1216 | D:2      | Learned a level 3 spell: Stone Arrow
  1416 | D:2      | Found a burning altar of Makhleb.
  1418 | D:2      | Found a shimmering blue altar of Sif Muna.
  1901 | D:2      | Found a glowing golden altar of the Shining One.
  2139 | D:3      | Noticed Robin
  2144 | D:3      | Reached XP level 4. HP: 24/24 MP: 5/7
  2175 | D:3      | Reached skill level 1 in Conjurations
  2262 | D:2      | Killed Robin
  3077 | D:3      | Found a hazy altar of Hepliaklqana.
  3202 | D:4      | Noticed an ogre
  3205 | D:4      | Killed an ogre
  3206 | D:4      | Reached XP level 5. HP: 28/28 MP: 5/9
  3246 | D:4      | Found a staircase to the Ecumenical Temple.
  3251 | Temple   | Entered the Ecumenical Temple
  3341 | Temple   | Became a worshipper of Vehumet
  3492 | D:4      | Reached skill level 5 in Earth Magic
  3962 | D:4      | Reached XP level 6. HP: 32/32 MP: 11/11
  4292 | D:4      | Reached XP level 7. HP: 36/36 MP: 13/13
  4511 | D:5      | Entered Level 5 of the Dungeon
  4613 | D:5      | Reached skill level 6 in Earth Magic
  4680 | D:5      | Noticed Menkaure
  4935 | D:4      | Upgraded the game from 0.26.0-11-g8f856b5395 to
                  | 0.26.0-16-gc1dbca0489
  5005 | D:4      | Learned a level 5 spell: Lee's Rapid Deconstruction
  5715 | D:6      | Reached skill level 7 in Earth Magic
  6102 | D:6      | Found Ganua's Armour Emporium.
  6275 | D:6      | Noticed Grinder
  6278 | D:6      | Paralysed by Grinder for 4 turns
  6292 | D:6      | Killed Grinder
  6293 | D:6      | Reached skill level 5 in Spellcasting
  6293 | D:6      | Reached skill level 5 in Conjurations
  6293 | D:6      | Reached skill level 8 in Earth Magic
  6293 | D:6      | Reached XP level 8. HP: 41/41 MP: 7/15
  6568 | D:7      | Noticed Duvessa
  6568 | D:7      | Noticed Dowan
  6573 | D:7      | Killed Duvessa
  6579 | D:7      | Killed Dowan
  6701 | D:7      | Reached skill level 9 in Earth Magic
  6779 | D:7      | Noticed a yak
  6780 | D:7      | Noticed a yak
  6781 | D:7      | Noticed a yak
  6783 | D:7      | Noticed a yak
  6784 | D:7      | Killed a yak
  6786 | D:7      | Noticed a yak
  6786 | D:7      | Noticed a yak
  6796 | D:7      | Killed a yak
  6797 | D:7      | Reached skill level 10 in Earth Magic
  6803 | D:7      | Noticed Harold
  6920 | D:6      | Killed a yak
  6921 | D:6      | Reached XP level 9. HP: 45/45 MP: 16/18
  6977 | D:7      | Slain by a yak

Illustrated notes

Levels and vault maps discovered:
D:1:      lightli_iron_boxes, layout_basic, hex_intersection
D:2:      layout_loops_ring, nicolae_tso_swordbearing_angel, minitemple,
          minmay_misc_feat_five
D:3:      layout_basic, nzn_hepliaklqana_mist_gate, uniq_robin
D:4:      layout_basic, minmay_temple_entry_glassed_door, minmay_manual_maat
D:5:      layout_cave_pools, uniq_menkaure
D:6:      layout_basic, serial_shops, shop, uniq_grinder
D:7:      layout_loops_corners, uniq_duvessa, uniq_harold
Temple:   compressed_dpeg_circular_temple

Skill      XL: |  1  2  3  4  5  6  7  8 |
---------------+-------------------------+-----
Transmutations | 1 |  1.0
Earth Magic    | 4 5 8 10 | 10.3
Dodging        | 2 |  2.0
Stealth        | 3 |  3.0
Conjurations   | 2 3 5 6 |  6.5
Spellcasting   | 3 4 5 6 |  6.1

Action                   |  1- 3 |  4- 6 |  7- 9 || total
-------------------------+-------+-------+-------++-------
Melee: Dagger            |    40 |       |       ||    40
       Unarmed           |     1 |       |       ||     1
       Whip              |     3 |       |       ||     3
       Staff             |       |    16 |     1 ||    17
 Cast: Sandblast         |    46 |    58 |    44 ||   148
       Stone Arrow       |       |       |    36 ||    36
  Use: Scroll            |       |     7 |     1 ||     8
Armor: Robe              |    15 |    13 |    16 ||    44
Dodge: Dodged            |    42 |    29 |    30 ||   101
